 Dungeon Crawl Stone Soup version 0.18.1-8-gdd0e5ea (webtiles) character file.

4420 greenice the Fencer (level 10, -2/81 HPs)
             Began as a Minotaur Fighter on June 9, 2016.
             Was a Follower of Okawaru.
             Slain by a killer bee (8 damage)
             ... on level 8 of the Dungeon on June 10, 2016.
             The game lasted 00:33:22 (10824 turns).

greenice the Fencer (Minotaur Fighter)             Turns: 10824, Time: 00:33:23

Health: -2/81      AC: 13    Str: 26    XL:     10   Next: 14%
Magic:  9/9        EV:  7    Int:  3    God:    Okawaru [*.....]
Gold:   355        SH: 10    Dex: 19    Spells: 0 memorised, 9 levels left

rFire  . . .     SeeInvis .     a - +0 long sword
rCold  . . .     Gourm    .     b - +0 scale mail
rNeg   . . .     Faith    .     c - +0 shield
rPois  .         Spirit   .     (helmet restricted)
rElec  .         Dismiss  .     p - +2 cloak
rCorr  .         Reflect  .     (no gloves)
SustAt .         Harm     .     (no boots)
MR     .....     Clarity  +     (no amulet)
Stlth  ..........               w - +6 ring of dexterity
                                r - +3 ring of protection

@: mighty, lethally poisoned (-2 -> -25), not resistant to hostile enchantments,
extremely unstealthy
A: retaliatory headbutt, horns 2, clarity, dopey 1
a: Heroism, Renounce Religion


You were on level 8 of the Dungeon.
You worshipped Okawaru.
Okawaru was aware of your devotion.
You were hungry.

You visited 2 branches of the dungeon, and saw 10 of its levels.
You also visited: Sewer.

You collected 355 gold pieces.

Inventory:

Hand Weapons
 a - a +0 long sword (weapon)
 d - a +0 blowgun
Missiles
 G - 8 curare-tipped needles (quivered)
Armour
 b - a +0 scale mail (worn)
 c - a +0 shield (worn)
 p - a +2 cloak (worn)
Jewellery
 r - a +3 ring of protection (left hand)
 w - a +6 ring of dexterity (right hand)
 y - an uncursed ring of magical power {unknown}
 N - an uncursed ring of stealth {unknown}
Wands
 g - a wand of acid (7/15)
 o - a wand of disintegration (6/24)
 A - a wand of slowing (20/48)
 C - a wand of polymorph (10/24)
 J - a wand of flame (36/48)
 L - a wand of paralysis (9/24)
Scrolls
 e - 4 scrolls of identify
 h - a scroll of enchant weapon {unknown}
 i - 3 scrolls of recharging
 l - 2 scrolls of teleportation
 m - 5 scrolls of remove curse
 s - a scroll of amnesia {unknown}
 t - a scroll of fear
 x - 3 scrolls of blinking
 B - a scroll of enchant armour {unknown}
 D - a scroll of random uselessness {unknown}
 I - a scroll of vulnerability {unknown}
 K - a scroll of magic mapping
 M - a scroll of fog {unknown}
Potions
 n - a potion of haste {unknown}
 q - a potion of curing {unknown}
 u - a potion of cure mutation {unknown}
 z - a potion of heal wounds {unknown}
 E - a potion of flight {unknown}
 F - a potion of agility
 O - 2 potions of cancellation {unknown}
Comestibles
 f - 6 bread rations
 j - 5 meat rations
 v - 2 beef jerkies


   Skills:
 + Level 5.4 Fighting
 - Level 16.1 Long Blades
 - Level 3.6 Armour
 - Level 3.6 Shields


You had 9 spell levels left.
You didn't know any spells.

Dungeon Overview and Level Annotations

Branches:
Dungeon (9/15)             Temple (1/1) D:6
   Lair: D:8-11         Orc: D:9-12

Altars:
Ashenzari
Cheibriados
Dithmenos
Elyvilon
Fedhas
Gozag
Kikubaaqudgha
Nemelex Xobeh
Okawaru
Pakellas
Qazlal
Ru
Vehumet
Yredelemnul
The Shining One

Shops:
D:4 }

Annotations:
D:8 Prince Ribbit


Innate Abilities, Weirdness & Mutations

You reflexively headbutt those who attack you in melee.
You have a pair of horns on your head.
You possess an exceptional clarity of mind.
You are dopey. (Int -2)


Message History

The killer bee stings you.
* * * LOW HITPOINT WARNING * * *
You are more poisoned.
The killer bee poisons you!
The killer bee stings you but does no damage.
You barely miss the killer bee. Your headbutt misses the killer bee.
* * * LOW HITPOINT WARNING * * *
You feel sick. You block the killer bee's attack.
The killer bee stings you but does no damage.
The killer bee closely misses you. You furiously retaliate!
You headbutt the killer bee!!
You kill the killer bee!
Okawaru accepts your kill.
You miss the killer bee. You headbutt the killer bee.
The killer bee is lightly wounded.
* * * LOW HITPOINT WARNING * * *
You feel sick. You block the killer bee's attack.
The killer bee stings you but does no damage. x2
The killer bee stings you!
You die...

#....######....#
+. #....# #....#
#. #....#
#....####.
#....#
#.........
#....#
#.........
#....#
#.........
#....##
#.........
#.....#
#....####.
#..@y.# #....#
#) #..y..#
#....# #.
#.....# #....#
#. #.....#
#....# #.
#.....# #....#
#. #######
###### ##


You could see 2 killer bees.

Vanquished Creatures
  The ghost of multipassport the Chiller, an amateur MfIE of Vehumet (D:4)
  The ghost of RudyRod the Firebug, an amateur OpFE (D:3)
  Grum (D:8)
  A hippogriff (D:8)
  Edmund (D:5)
  3 ice beasts
  An orc warrior (D:8)
  A phantom (D:7)
  4 ogres
  A sky beast (D:7)
  3 wolves
  7 big kobolds
  A giant frog (D:8)
  A wyvern zombie (D:6)
  3 scorpions
  2 killer bees (D:8)
  7 wights (D:6)
  A howler monkey (D:4)
  7 crimson imps
  A giant frog zombie (D:5)
  A quasit (D:8)
  A giant frog skeleton (D:4)
  6 hounds
  3 orc priests (D:8)
  An iguana (D:4)
  11 orc wizards
  3 worker ants
  A killer bee zombie (D:7)
  A hound zombie (D:8)
  A gnoll (D:3)
  13 adders
  2 howler monkey skeletons
  2 river rats (Sewer)
  A shadow imp (D:5)
  6 oozes
  2 adder skeletons (D:4)
  7 worms
  5 giant geckos
  25 orcs
  9 ball pythons
  4 giant cockroaches
  7 goblins
  8 hobgoblins
  19 jackals
  3 quokkas
  6 bats
  A giant cockroach zombie (D:3)
  A giant gecko zombie (D:7)
  7 giant newts
  14 kobolds
  A quokka skeleton (D:6)
  9 rats
  A spectral orc (D:4)
230 creatures vanquished.

Notes
Turn   | Place    | Note
--------------------------------------------------------------
     0 | D:1      | greenice the Minotaur Fighter began the quest for the Orb.
     0 | D:1      | Reached XP level 1. HP: 19/19 MP: 0/0
   100 | D:1      | Reached skill level 3 in Long Blades
   167 | D:1      | Reached XP level 2. HP: 26/26 MP: 1/1
   355 | D:1      | Reached skill level 4 in Long Blades
   516 | D:1      | Reached XP level 3. HP: 31/31 MP: 2/2
  1072 | D:2      | Reached skill level 5 in Long Blades
  1290 | D:2      | Reached XP level 4. HP: 39/39 MP: 3/3
  1959 | D:3      | Reached skill level 6 in Long Blades
  2044 | D:3      | Reached XP level 5. HP: 44/45 MP: 4/4
  2049 | D:3      | Found a glowing drain.
  2056 | Sewer    | Entered a sewer
  2109 | Sewer    | Reached skill level 7 in Long Blades
  2113 | Sewer    | Reached XP level 6. HP: 30/51 MP: 5/5
  2421 | Sewer    | Reached skill level 8 in Long Blades
  2768 | Sewer    | Reached skill level 9 in Long Blades
  2868 | Sewer    | Reached XP level 7. HP: 55/57 MP: 6/6
  3020 | D:3      | Noticed RudyRod's ghost (amateur OpFE)
  3029 | D:3      | Killed RudyRod's ghost
  3029 | D:3      | Reached skill level 10 in Long Blades
  3892 | D:3      | Found a stormy altar of Qazlal.
  3894 | D:3      | Noticed a water elemental
  3895 | D:3      | Noticed an air elemental
  3895 | D:3      | Noticed a fire elemental
  4395 | D:4      | Noticed multipassport's ghost (amateur MfIE)
  4426 | D:4      | Killed multipassport's ghost
  4426 | D:4      | Reached skill level 11 in Long Blades
  4426 | D:4      | Reached XP level 8. HP: 41/64 MP: 7/7
  4657 | D:4      | Found Ylata's Gadget Boutique.
  4860 | D:4      | Reached skill level 12 in Long Blades
  5192 | D:4      | Found a basalt altar of Yredelemnul.
  5372 | D:5      | Entered Level 5 of the Dungeon
  5677 | D:5      | Reached skill level 13 in Long Blades
  5950 | D:5      | Found an opulent altar of Gozag.
  6013 | D:5      | Noticed Edmund
  6026 | D:5      | Killed Edmund
  6116 | D:5      | Found a shadowy altar of Dithmenos.
  6940 | D:6      | Reached XP level 9. HP: 69/70 MP: 8/8
  7107 | D:6      | Reached skill level 14 in Long Blades
  7537 | D:6      | Found a shattered altar of Ashenzari.
  7876 | D:6      | Found a staircase to the Ecumenical Temple.
  7883 | Temple   | Entered the Ecumenical Temple
  7933 | Temple   | Became a worshipper of Warmaster Okawaru
  8041 | D:7      | Found a glowing golden altar of the Shining One.
  8558 | D:7      | Reached skill level 15 in Long Blades
  8620 | D:7      | Found a blossoming altar of Fedhas.
  8636 | D:7      | Found a radiant altar of Vehumet.
  8873 | D:8      | Noticed Grum
  9179 | D:8      | Killed Grum
  9179 | D:8      | Reached * piety under Okawaru
  9691 | D:8      | Reached skill level 16 in Long Blades
  9757 | D:8      | Noticed Prince Ribbit
  9905 | D:8      | Gained mutation: You possess an exceptional clarity of mind. [potion of mutation]
  9905 | D:8      | Gained mutation: You are dopey. (Int -2) [potion of mutation]
  9911 | D:8      | Found a snail-covered altar of Cheibriados.
 10079 | D:8      | Reached XP level 10. HP: 68/77 MP: 9/9
 10542 | D:8      | Reached skill level 5 in Fighting
 10824 | D:8      | Slain by a killer bee

Skill      XL: |  1  2  3  4  5  6  7  8  9 10 |
---------------+-------------------------------+-----
Long Blades    | 3 4 5 6 7 9 11 13 16 | 16.1
Fighting       | 5 |  5.4
Armour         | |  3.6
Shields        | |  3.6

Action                   |  1- 3 |  4- 6 |  7- 9 | 10-12 || total
-------------------------+-------+-------+-------+-------++-------
Melee: Long sword        |    82 |   178 |   453 |    58 ||   771
       Headbutt          |     9 |    23 |   121 |    13 ||   166
  Use: Scroll            |       |     2 |     6 |     1 ||     9
       Potion            |       |     1 |     3 |     1 ||     5
  Eat: Chunk             |       |     6 |    19 |     1 ||    26
       Fruit             |       |     1 |     2 |       ||     3
       Pizza             |       |       |     1 |       ||     1
       Beef jerky        |       |       |     1 |       ||     1
Armor: Scale mail        |    46 |    76 |   176 |    32 ||   330
Dodge: Dodged            |    39 |    41 |   100 |    25 ||   205
Block: Shield            |    61 |    92 |   186 |    44 ||   383
